 Dungeon Crawl Stone Soup version bcrawl-1.39.1 (webtiles) character file.

Game seed: 11922087823227206413

274441 AndrolTheGreedy the Thaumaturge (level 9, -2/51 HPs)
             Began as a Skeleton Necromancer on Aug 26, 2023.
             Was an Initiate of Kikubaaqudgha.
             Shot with an arrow by a centaur (8 damage)
             ... on level 6 of the Dungeon.
             The game lasted 00:21:06 (5940 turns).

AndrolTheGreedy the Thaumaturge (SkNe)              Turns: 5940, Time: 00:21:07

Health: -2/51      AC:  3    Str: 12 (14) XL:     9   Next: 15%
Magic:  0/23       EV: 12    Int: 17      God:    Kikubaaqudgha [......]
Gold:   469        SH:  0    Dex: 10      Spells: 11/28 levels left

rFire    . . .     GDR:     22% a - +1 dagger (pain)
rCold    + . .     SeeInvis .   (no shield)
rNeg     + + +     Gourm    .   b - +0 robe
rPois    ∞         Faith    +   (no helmet)
rElec    .         Spirit   +   (no cloak)
rCorr    .         Reflect  .   h - +0 pair of gloves
MR       +....                  (no boots)
Stlth    ++........             r - amulet of faith
HPRegen  0.18/turn              e - ring of flight
MPRegen  0.18/turn              (no ring)

@: studying Shields
A: no food or potions, cold resistance 1, deterioration 1, negative energy
resistance 3, powered by death 1, torment resistance, unbreathing, magic shield,
sturdy frame 1, spell healing
a: Renounce Religion, Evoke Flight


You were on level 6 of the Dungeon.
You worshipped Kikubaaqudgha.
Kikubaaqudgha was noncommittal.
You were not hungry.

You visited 1 branch of the dungeon, and saw 6 of its levels.

You collected 469 gold pieces.

Inventory:

Hand Weapons
 a - a +1 dagger of pain (weapon)
Armour
 b - a +0 robe (worn)
 g - a +0 pair of gloves
 h - a +0 pair of gloves (worn)
 m - a +0 helmet
 q - a +2 pair of boots of stealth
Jewellery
 e - a ring of flight (left hand)
 l - the cursed amulet of Propriety {Inacc Stlth+}
   (You found it on level 2 of the Dungeon)

   [amulet of inaccuracy]

   It reduces the accuracy of all your attacks.
   It makes you more stealthy.
   It has a curse placed upon it.
 p - a cursed amulet of faith
 r - an amulet of faith (around neck)
Wands
 d - a wand of random effects (9)
 j - a wand of disintegration (6)
 n - a wand of flame (16)
 o - a wand of charming (6)
Scrolls
 c - a scroll of enchant weapon
 f - 2 scrolls of revelation
 i - 6 scrolls of identify
 k - a scroll of enchant armour
 s - a scroll of teleportation {unknown}


   Skills:
 + Level 3.4 Fighting
 - Level 2.0 Dodging
 - Level 2.6 Stealth
 - Level 10.0 Spellcasting
 - Level 10.0 Necromancy
 + Level 3.1 Evocations


You had 11 spell levels left.
You knew the following spells:

 Your Spells              Type           Power        Failure   Level  Hunger
a - Necrotize             Necr           #####.       1%          1    N/A
b - Vampiric Draining     Necr           #####.....   1%          3    N/A
c - Animate Dead          Necr           N/A          1%          4    N/A
d - Agony                 Necr           #####...     1%          4    N/A
e - Dispel Undead         Necr           #####...     3%          5    N/A

Your spell library contained the following spells:

 Spells                   Type           Power        Failure   Level  Hunger


Dungeon Overview and Level Annotations

Branches:
Dungeon (6/12)
 Temple: D:4-7

Altars:
Ashenzari
Gozag
Kikubaaqudgha
Trog
Uskayaw
Vehumet
Wu Jian
Yredelemnul

Shops:
D:4 !

Annotations:
D:6 exclusion: statue


Innate Abilities, Weirdness & Mutations

You do not eat or drink.
You are immune to poison.
Your flesh is cold resistant. (rC+)
Your body sometimes deteriorates upon taking damage.
You are immune to negative energy. (rN+++)
You regenerate a little health from kills.
You are immune to unholy pain and torment.
You can survive without breathing.
When hurt, damage is shared between your health and your magic reserves.
Your movements are slightly less encumbered by armour. (ER -2)
Casting spells heals you.


Message History

Confirm with . or Enter, or press ? or * to list all spells.
You can't see any susceptible monsters within range! (Use Z to cast anyway.)
The centaur shoots an arrow.
The arrow misses you.
The centaur shoots an arrow.
The arrow closely misses you.
The centaur shoots an arrow.
The arrow closely misses you.
The centaur shoots an arrow.
The arrow misses you.
Casting: Necrotize (safe; 1% risk of failure)
Confirm with . or Enter, or press ? or * to list all spells.
You can't see any susceptible monsters within range! (Use Z to cast anyway.)
The centaur shoots an arrow.
The arrow hits you!
* * * LOW HITPOINT WARNING * * *
Casting: Necrotize (safe; 1% risk of failure)
Confirm with . or Enter, or press ? or * to list all spells.
Aiming: Necrotize (safe; 1% risk of failure)
Press: ? - help, Shift-Dir - straight line, f/p - centaur
Aim: a centaur, wielding a +0 shortbow and quivering 108 arrows (severely wounded, chance to defeat MR: 93%)
The centaur writhes in agony.
The centaur shoots an arrow.
The arrow misses you.
The centaur shoots an arrow.
The arrow hits you!
You die...
Kikubaaqudgha rasps: "You have failed me!
Welcome... oblivion!"

..# ##.......# #.# ..#
###..#### #.# ..# #.##
#.# .># #.# #.#
#.########.### #.#
#............# #.#
############.# #.#
#.######.# ######
#.#..@...# ..)..#
#.#c########### ####.#
#.#.##|.......# #.#
#.#....######.## #.#
#.#............# #.#
#.#.#......#..## #.#
#.#.#..#..>#..#
#.#######.#....#.###..##
#.........#............#


You could see a centaur.

Vanquished Creatures
  A harpy skeleton (D:6)
  A hungry ghost (D:4)
  An orc warrior (D:6)
  4 sky beasts
  A phantom (D:6)
  4 ogres
  3 bullfrogs (D:6)
  A centaur (D:5)
  A killer bee (D:4)
  2 howler monkeys (D:4)
  2 crimson imps
  3 hounds
  3 jellies
  Jessica (D:2)
  An iguana (D:3)
  4 worker ants
  A hound zombie (D:6)
  Robin (D:2)
  A howler monkey skeleton (D:5)
  An adder (D:3)
  A shadow imp (D:6)
  3 adder skeletons
  4 worms (D:5)
  2 dart slugs
  6 leopard geckos
  6 orcs
  A ball python (D:3)
  6 bats (D:2)
  4 giant cockroaches
  4 goblins (D:2)
  7 hobgoblins
  5 jackals
  5 quokkas
  A ball python skeleton (D:4)
  2 frilled lizards
  A kobold (D:1)
  A quokka skeleton (D:5)
  5 rats
101 creatures vanquished.

Vanquished Creatures (collateral kills)
  A water moccasin (D:4)
  A hound (D:4)
  An ooze (D:1)
  2 worms (D:2)
  A bat (D:2)
  A goblin (D:2)
  A jackal (D:4)
  A quokka (D:2)
  A kobold (D:2)
10 creatures vanquished.

Grand Total: 111 creatures vanquished

Notes
Turn   | Place    | Note
-------+----------+-------------------------------------------
     0 | D:1      | AndrolTheGreedy the Skeleton Necromancer began the quest
                  | for the Orb.
     0 | D:1      | Reached XP level 1. HP: 10/10 MP: 4/4
   216 | D:1      | Reached XP level 2. HP: 8/15 MP: 0/6
   818 | D:2      | Reached skill level 5 in Necromancy
   834 | D:2      | Reached XP level 3. HP: 19/19 MP: 4/8
   840 | D:2      | Learned a level 3 spell: Vampiric Draining
  1082 | D:2      | Noticed Jessica
  1085 | D:2      | Killed Jessica
  1121 | D:2      | Reached XP level 4. HP: 12/24 MP: 0/10
  1508 | D:2      | Noticed Robin
  1514 | D:2      | Killed Robin
  1606 | D:2      | Got a twitching golden amulet
  1607 | D:2      | Identified the cursed amulet of Propriety {Inacc Stlth+}
                  | (You found it on level 2 of the Dungeon)
  1732 | D:2      | Found a bloodstained altar of Trog.
  1953 | D:3      | Reached skill level 5 in Spellcasting
  2132 | D:3      | Found a glowing golden altar of the Shining One.
  2136 | D:3      | Found a basalt altar of Yredelemnul.
  2138 | D:3      | Found an opulent altar of Gozag.
  2138 | D:3      | Found a hide-covered altar of Uskayaw.
  2138 | D:3      | Found an ornate altar of the Wu Jian Council.
  2139 | D:3      | Found a shattered altar of Ashenzari.
  2147 | D:3      | Reached XP level 5. HP: 28/28 MP: 12/12
  2199 | D:3      | Noticed an ogre
  2230 | D:3      | Killed an ogre
  2548 | D:4      | Noticed a sky beast
  2554 | D:4      | Killed a sky beast
  2555 | D:4      | Gained mutation: You regenerate a little health from kills.
                  | [Skeleton growth]
  2555 | D:4      | Reached XP level 6. HP: 32/32 MP: 0/15
  2560 | D:4      | Learned a level 4 spell: Animate Dead
  2565 | D:4      | Learned a level 4 spell: Agony
  2571 | D:4      | Learned a level 5 spell: Dispel Undead
  2609 | D:4      | Noticed a water moccasin
  2617 | D:4      | Killed a water moccasin
  2714 | D:4      | Reached XP level 7. HP: 36/36 MP: 9/17
  2989 | D:4      | Noticed a hungry ghost
  2997 | D:4      | Killed a hungry ghost
  3223 | D:4      | Found Pybrik's Distillery.
  3513 | D:5      | Entered Level 5 of the Dungeon
  4070 | D:5      | Reached XP level 8. HP: 41/41 MP: 9/21
  4492 | D:5      | Found an ancient bone altar of Kikubaaqudgha.
  4504 | D:5      | Became a worshipper of Kikubaaqudgha
  4871 | D:6      | Found a radiant altar of Vehumet.
  5067 | D:6      | Reached skill level 10 in Spellcasting
  5227 | D:6      | Reached skill level 10 in Necromancy
  5227 | D:6      | Reached skill level 1 in Fighting
  5227 | D:6      | Reached skill level 1 in Evocations
  5513 | D:6      | Reached XP level 9. HP: 50/50 MP: 9/23
  5940 | D:6      | Shot with an arrow by a centaur

Skill      XL: |  1  2  3  4  5  6  7  8  9 |
---------------+----------------------------+-----
Necromancy     | 5 6 7 8 10 | 10.0
Spellcasting   | 4 5 6 7 9 10 | 10.0
Fighting       | 3 |  3.4
Evocations     | 2 3 |  3.1
Dodging        | |  2.0
Stealth        | |  2.6

Action                   |  1- 3 |  4- 6 |  7- 9 || total
-------------------------+-------+-------+-------++-------
Melee: Dagger            |    18 |    27 |    53 ||    98
 Cast: Necrotize         |    45 |    44 |    85 ||   174
       Vampiric Draining |     1 |     8 |    22 ||    31
       Agony             |       |     1 |    10 ||    11
       Animate Dead      |       |     1 |     1 ||     2
       Dispel Undead     |       |       |    12 ||    12
Evoke: Wand              |       |       |     7 ||     7
  Use: Scroll            |     3 |     4 |     1 ||     8
 Stab: Sleeping          |     2 |     1 |     1 ||     4
Armor: Robe              |     1 |    11 |    17 ||    29
Dodge: Dodged            |    13 |    30 |    83 ||   126
